Map: Zen LE

Players

Greggers - Winner!

  • Race: Zerg Zerg
  • League: Silver
  • Spawn Location: 1:00

antagomiR

  • Race: Protoss Protoss
  • League: Gold
  • Spawn Location: 7:00

VOD

Have the link to the VOD?

Description

Time

  • Played on: April 4, 2020, 7:39 p.m.
  • Length: 16:07
Show
View Real Time Build Order
Export as new Build Order

Greggers Zerg - Winner!

Build Orders: Pool First 

Get SALT Encoding   

  12  0:01  Drone  
  13  0:10  Drone  
  14  0:17  Extractor  
  14  0:19  Drone  
  14  0:26  Overlord  
  14  0:46  Drone  
  14  0:47  Spawning Pool  
  14  0:49  Drone  
  15  0:56  Drone  
  16  1:12  Drone  
  16  1:13  Drone  
  18  1:19  Drone  
  19  1:36  Zergling x2  
  21  1:54  Drone x2  
  22  2:11  Overlord  
  22  2:18  Extractor  
  21  2:29  Queen  
  23  2:37  Zergling x4  
  23  2:38  Zergling x2  
  26  2:52  Hatchery  
  26  2:55  Drone  
  26  3:04  Evolution Chamber  
  25  3:08  Evolution Chamber  
  24  3:43  Spine Crawler  
  24  3:46  Overlord  
  24  3:47  Overlord x3  
  23  4:03  Lair  
  23  4:05  Zerg Missile Weapons Level 1  
  23  4:09  Zerg Melee Weapons Level 1  
  23  4:12  Drone x3  
  23  4:13  Drone  
  23  4:16  Drone  
  28  4:28  Zergling x2  
  28  4:29  Zergling x6  
  32  4:31  Metabolic Boost  
  32  4:38  Drone  
  32  4:42  Drone  
  32  4:44  Drone  
  35  4:55  Extractor x2, Drone  
  34  5:23  Hydralisk Den  
  33  5:34  Drone x3  
  33  5:35  Drone x3  
  39  5:46  Drone  
  40  5:55  Grooved Spines  
  40  6:02  Zerg Missile Weapons Level 2  
  40  6:03  Zerg Ground Armor Level 1  
  40  6:13  Hydralisk x2  
  40  6:14  Hydralisk  
  40  6:18  Drone x2  
  48  6:27  Infestation Pit  
  47  6:42  Hydralisk  
  47  6:43  Hydralisk x3  
  54  6:53  Drone  
  55  7:03  Queen  
  55  7:06  Overlord, Muscular Augments  
  57  7:16  Drone  
  57  7:17  Drone  
  57  7:19  Overlord  
  57  7:20  Overlord  
  59  7:39  Queen  
  59  7:42  Drone x2  
  59  7:43  Drone  
  64  7:46  Hive  
  64  7:57  Zerg Melee Weapons Level 2  
  64  8:03  Drone  
  64  8:04  Drone x3  
  64  8:05  Drone  
  69  8:18  Zerg Ground Armor Level 2  
  69  8:24  Hatchery  
  68  8:36  Drone  
  69  8:50  Hydralisk x3, Overlord x2  
  69  8:51  Hydralisk x2  
  79  9:03  Queen  
  81  9:17  Spore Crawler  
  81  9:18  Spore Crawler  
  79  9:26  Ultralisk Cavern  
  79  9:29  Spore Crawler  
  77  9:36  Spore Crawler, Drone x3  
  79  9:44  Spore Crawler, Adrenal Glands  
  78  9:46  Zergling x2  
  78  9:47  Zergling x8  
  78  9:48  Zergling x6  
  86  10:12  Spine Crawler  
  86  10:13  Hydralisk  
  87  10:17  Ultralisk x2  
  99  10:34  Zerg Missile Weapons Level 3  
  99  10:45  Ultralisk  
  99  10:47  Overlord x3  
  99  10:48  Overlord  
  105  11:05  Drone  
  105  11:06  Drone  
  107  11:46  Nydus Network  
  106  11:55  Spore Crawler  
  105  12:02  Overlord x3  
  105  12:03  Overlord  
  105  12:05  Overlord x2  
  105  12:08  Overseer  
  105  12:10  Overseer  
  105  12:16  Pneumatized Carapace  
  105  12:27  Ultralisk x2  
  105  12:28  Ultralisk x3  
  135  12:31  Hydralisk  
  135  12:33  Hydralisk  
  94  13:27  Zergling x4  
  94  13:28  Zergling x8  
  100  13:46  Zergling x2  
  100  13:47  Zergling x2  
  102  13:56  Ultralisk x2  
  94  14:18  Ultralisk x4  
  112  14:43  Ultralisk  
  100  15:14  Ultralisk  
  100  15:15  Ultralisk  
Show
View Real Time Build Order
Export as new Build Order

antagomiR Protoss 

Build Orders:  

Get SALT Encoding   

  12  0:01  Probe  
  13  0:13  Probe  
  14  0:20  Pylon  
  14  0:25  Probe  
  15  0:38  Gateway  
  15  0:40  Probe  
  16  0:52  Assimilator  
  16  0:53  Probe  
  17  1:05  Probe  
  17  1:08  Assimilator  
  18  1:21  Probe  
  19  1:28  Cybernetics Core  
  19  1:39  Pylon  
  19  1:41  Probe  
  19  1:44  Zealot  
  22  2:02  Cybernetics Core  
  22  2:04  Probe  
  23  2:17  Probe  
  24  2:24  Nexus  
  24  2:40  Pylon  
  24  2:42  Probe  
  25  2:45  Sentry  
  27  2:55  Probe  
  28  3:01  Gateway  
  28  3:09  Probe  
  29  3:21  Probe  
  29  3:22  Gateway  
  29  3:24  Warp Gate (Chrono Boost)  
  30  3:33  Probe  
  31  3:34  Stalker (Chrono Boost)  
  33  3:42  Probe  
  34  3:57  Probe  
  34  3:58  Probe  
  34  4:02  Forge  
  38  4:03  Sentry  
  39  4:10  Probe x2  
  39  4:16  Stalker  
  42  4:22  Probe, Pylon  
  43  4:33  Robotics Facility  
  43  4:40  Pylon  
  43  4:51  Probe x2  
  45  5:03  Probe x2  
  46  5:09  Zealot  
  48  5:15  Probe x2, Gateway  
  50  5:26  Observer  
  50  5:27  Probe x2  
  53  5:33  Stalker  
  53  5:35  Sentry  
  57  5:36  Stalker  
  57  5:39  Probe x2  
  61  5:47  Observer  
  61  5:48  Pylon  
  62  5:51  Probe x2  
  64  6:03  Probe, Twilight Council  
  64  6:04  Probe  
  66  6:08  Immortal, Stalker x2  
  74  6:16  Probe x2  
  76  6:28  Probe x2  
  78  6:36  Gateway  
  78  6:38  Gateway  
  78  6:41  Gateway  
  78  6:44  Protoss Ground Weapons Level 1  
  78  6:45  Pylon  
  78  6:49  Pylon  
  78  7:03  Probe x2, Immortal  
  78  7:08  Templar Archives  
  84  7:09  Pylon  
  84  7:15  Probe x2  
  86  7:26  Pylon  
  86  7:27  Probe x2  
  86  7:28  Charge (Chrono Boost)  
  86  7:29  Pylon  
  88  7:36  Pylon  
  88  7:47  High Templar x2  
  92  7:57  Assimilator  
  92  8:00  Assimilator  
  92  8:18  Probe x2  
  94  8:28  Nexus  
  94  8:30  Probe  
  94  8:31  Pylon  
  95  8:34  Pylon  
  95  8:36  High Templar  
  97  8:50  Shield Battery  
  97  8:52  Photon Cannon  
  97  8:53  Protoss Ground Armor Level 1  
  97  8:54  Photon Cannon  
  97  8:58  Photon Cannon  
  97  9:04  Pylon  
  97  9:06  Assimilator  
  97  9:10  Assimilator  
  97  9:11  Zealot x2  
  97  9:12  Zealot x3  
  97  9:13  Zealot x2  
  111  9:35  Gateway  
  111  9:36  Gateway  
  111  9:38  Gateway  
  111  9:39  Gateway  
  111  9:42  Gateway  
  115  9:47  Warp Prism  
  113  9:55  Archon  
  113  9:57  High Templar x3  
  113  9:58  High Templar x2  
  123  10:02  Probe  
  123  10:03  Probe  
  125  10:15  Probe x2  
  125  10:19  Zealot x2  
  131  10:23  Immortal  
  131  10:27  Probe x2  
  137  10:39  Probe x2  
  139  10:43  High Templar x4  
  139  10:46  Archon x2  
  139  10:47  Archon x2  
  139  10:48  Archon  
  147  10:51  Probe  
  147  10:52  Zealot  
  147  10:53  Zealot x4  
  147  10:54  Zealot x3  
  164  11:03  Probe  
  165  11:17  Pylon  
  165  11:18  Pylon  
  165  11:20  Pylon  
  165  11:22  Pylon  
  165  11:33  Probe x2  
  165  11:34  Immortal  
  165  11:40  High Templar x3  
  165  11:41  High Templar x3  
  165  11:46  Probe  
  178  11:53  Zealot x4  
  186  11:55  High Templar x2  
  186  11:57  Nexus  
  186  11:58  Archon x2, Pylon  
  186  12:00  Archon  
  186  12:01  Pylon  
  190  12:29  Archon  
  190  12:38  Shield Battery  
  190  12:39  Pylon, Photon Cannon  
  190  12:41  Photon Cannon  
  190  12:44  Photon Cannon  
  190  12:46  Photon Cannon  
  190  12:49  Assimilator  
  190  12:53  Assimilator  
  107  14:18  Zealot  
  107  14:21  Zealot x3  
  107  14:22  Zealot x2  
  107  14:23  Zealot  
  107  14:28  Zealot x2  
  66  14:39  Zealot x3  
  52  15:04  Zealot x4  
  52  15:05  Zealot x4  
  52  15:06  Zealot x3  
  44  15:33  Zealot x3  
  44  15:34  Zealot x5  
  44  15:35  Zealot  
  36  15:51  Zealot  
Tags
 
Matchup
PvZ
Opening
Pool First
Replay Pack
20200422
Spawn Locations
Cross Positions
Add a new tag
Caveats
  • Supply blocks, unpowered buildings, or Contaminate may cause inaccurate times.
  • Supply counts are checked every 10 seconds.